 Dungeon Crawl Stone Soup version 0.22-a0-515-g75794bf (webtiles) character file.

51689 Amnesiac the Nimble (level 14, -22/83 HPs)
             Began as a Spriggan Berserker on June 19, 2018.
             Was a High Priest of Trog.
             Killed from afar by an ogre mage (33 damage)
             ... with a bolt of fire
             ... on level 2 of the Depths.
             The game lasted 00:37:43 (20524 turns).

Amnesiac the Nimble (Spriggan Berserker)           Turns: 20524, Time: 00:37:44

Health: -22/83     AC: 14    Str: 15    XL:     14   Next: 24%
Magic:  0/21       EV: 28    Int:  9    God:    Trog [*****.]
Gold:   1049       SH: 10    Dex: 16    Spells: 13/13 levels left

rFire    x . .     SeeInvis +   a - +1 hunting sling
rCold    + . .     Gourm    .   z - +3 buckler "Kyucyafawn" {rN++}
rNeg     + + +     Faith    .   U - +0 acid dragon scales
rPois    .         Spirit   +   f - +2 hat {MR+}
rElec    .         Reflect  .   R - +2 cloak
rCorr    +         Harm     .   (gloves unavailable)
MR       +++++                  (boots unavailable)
Stlth    +.........             g - amulet of guardian spirit
HPRegen  0.23/turn              l - ring of ice
MPRegen  0.17/turn              k - ring of Thoughtfulness {rN+ MR++ AC+2 Str-2 SInv}

@: about to teleport, very quick
A: very small, unfitting armour, see invisible, herbivore, speed 3, slow
metabolism 2
a: Berserk, Trog's Hand, Brothers in Arms, Renounce Religion


You were on level 2 of the Depths.
You worshipped Trog.
Trog was extremely pleased with you.
You were not hungry.

You visited 2 branches of the dungeon, and saw 17 of its levels.

You collected 1049 gold pieces.

Inventory:

Hand Weapons
 a - a +1 hunting sling (weapon)
 b - a +3 scimitar of flaming
 w - a +0 blowgun
Missiles
 h - 303 stones
 n - 89 poisoned needles
 r - 13 curare-tipped needles
 s - 12 tomahawks
 v - 37 sling bullets (quivered)
 Z - 5 tomahawks of returning
Armour
 f - a +2 hat of magic resistance (worn)
 z - the +3 buckler "Kyucyafawn" (worn) {rN++}
   (You acquired it on level 14 of the Dungeon)

   It greatly protects you from negative energy.
 J - a +2 robe of cold resistance
 L - a +0 troll leather armour
 R - a +2 cloak (worn)
 U - +0 acid dragon scales (worn)
 X - a +0 buckler of protection
Jewellery
 g - an amulet of guardian spirit (around neck)
 k - the ring of Thoughtfulness (right hand) {rN+ MR++ AC+2 Str-2 SInv}
   (You took it off a crimson imp on level 9 of the Dungeon)

   [ring of protection]

   It affects your AC (+2).
   It affects your strength (-2).
   It protects you from negative energy.
   It affects your resistance to hostile enchantments.
   It lets you see invisible.
 l - a ring of ice (left hand)
 I - a +2 ring of protection
 K - an uncursed ring of positive energy
 N - an uncursed ring of protection from fire
Wands
 x - a wand of digging (29)
 O - a wand of flame (17)
 S - a wand of random effects (28)
 T - a wand of polymorph (2)
Scrolls
 i - 4 scrolls of fog {!r}
 o - 3 scrolls of magic mapping {!r}
 p - 9 scrolls of teleportation {!r}
 u - 5 scrolls of identify {!r}
 C - a scroll of remove curse {!r}
 E - 3 scrolls of enchant weapon {!r}
 H - 2 scrolls of torment {!r}
 M - a scroll of immolation {!r}
 P - a scroll of holy word {!r}
 W - a scroll of enchant armour {!r}
Potions
 d - a potion of haste {!q}
 e - a potion of berserk rage {!q}
 j - 5 potions of curing {!q}
 q - 2 potions of might {!q}
 A - 2 potions of lignification {!q}
 B - 2 potions of brilliance {!q}
 D - a potion of mutation {!q}
 F - 3 potions of resistance {!q}
 Q - 4 potions of degeneration {!q, unknown}
 V - a potion of invisibility {!q}
Miscellaneous
 G - a crystal ball of energy
Comestibles
 c - 23 rations


   Skills:
 * Level 13.8 Fighting
   Level 3.2 Short Blades
 + Level 13.8 Slings
 + Level 4.7 Armour
 + Level 14.4 Dodging
 + Level 4.6 Shields
 + Level 8.3 Evocations


You had 13 spell levels left.
You didn't know any spells.
Your spell library contained the following spells:

 Spells                   Type           Power        Failure   Level  Hunger
 Apportation              Tloc           #.....       54%         1    ##.....
 Bolt of Magma            Conj/Fire/Erth #.........   100%        5    ######.
 Confuse                  Hex            #.......     89%         3    ####...
 Invisibility             Hex            #.......     100%        6    #######
 Throw Frost              Conj/Ice       #.....       69%         2    ###....
 Venom Bolt               Conj/Pois      #.........   100%        5    ######.
 Animate Dead             Necr           N/A          100%        4    #####..
 Freeze                   Ice            #...         54%         1    ##.....
 Summon Ice Beast         Ice/Summ       #.......     100%        4    #####..
 Ozocubu's Armour         Chrm/Ice       #.......     89%         3    ####...
 Tukima's Dance           Hex            #.......     89%         3    ####...
 Iron Shot                Conj/Erth      #.........   100%        6    #######
 Stone Arrow              Conj/Erth      #.....       89%         3    ####...
 Recall                   Summ/Tloc      N/A          89%         3    ####...
 Death Channel            Necr           #.........   100%        6    #######
 Throw Icicle             Conj/Ice       #.......     100%        4    #####..
 Confusing Touch          Hex            #.....       54%         1    ##.....
 Passwall                 Tmut/Erth      #.......     69%         2    ###....
 Ensorcelled Hibernation  Hex/Ice        #.....       69%         2    ###....
 Metabolic Englaciation   Hex/Ice        #.........   100%        5    ######.
 Summon Butterflies       Summ           #.......     54%         1    ##.....
 Corona                   Hex            #......      54%         1    ##.....
 Alistair's Intoxication  Tmut/Pois      #.......     100%        5    ######.
 Lee's Rapid Deconstruct  Erth           #.........   100%        5    ######.
 Sandblast                Erth           #.....       54%         1    ##.....
 Simulacrum               Ice/Necr       #.........   100%        6    #######
 Petrify                  Tmut/Erth      #.......     100%        4    #####..
 Orb of Destruction       Conj           #.........   100%        7    #######
 Iskenderun's Battlesphe  Conj/Chrm      #.......     100%        5    ######.
 Dazzling Spray           Conj/Hex       #.....       89%         3    ####...
 Spellforged Servitor     Conj/Summ      #.........   100%        7    #######
 Gell's Gravitas          Tloc           #.........   89%         3    ####...
 Yara's Violent Unravell  Hex/Tmut       #.........   100%        5    ######.
 Lesser Beckoning         Tloc           #.........   89%         3    ####...
 Borgnjor's Vile Clutch   Necr/Erth      #.........   100%        5    ######.


Dungeon Overview and Level Annotations

Branches:
Dungeon (15/15)            Temple (0/1) D:6            Lair (0/6) D:10
    Orc (0/2) D:12         Vaults (0/5) D:14         Depths (2/5) D:15

Altars:
Cheibriados
Makhleb
Ru
Sif Muna
Beogh

Portals:
Hell: Depths:1
Trove: D:13 (give 11 potions of heal wounds)

Annotations:
D:2 dig for loot


Innate Abilities, Weirdness & Mutations

You are very small and have problems with some larger weapons.
You are too small for most types of armour.
You have supernaturally acute eyesight. (SInv)
You are a herbivore.
You cover ground extremely quickly.
You need to consume almost no food.


Message History

You shoot a sling bullet.
The sling bullet completely misses the deep troll.
Unknown command.
Firing (i - inventory. (/) - cycle)
v - 41 sling bullets (quivered)
Press: ? - help, Shift-Dir - straight line, f/p - deep troll
Aim: a deep troll (almost dead)
You shoot a sling bullet. The sling bullet hits the deep troll!
You kill the deep troll!
Trog accepts your kill.
The troll leather armour is intact enough to wear.
A two-headed ogre comes into view.
It is wielding a giant club and a dire flail.
Unknown command.
Firing (i - inventory. (/) - cycle)
v - 40 sling bullets (quivered)
Press: ? - help, Shift-Dir - straight line, f - ogre mage
Aim: an ogre mage, wielding a club and wearing a robe You shoot a sling bullet.
The sling bullet hits the ogre mage.
The ogre mage is lightly wounded.
The ogre mage misses you.
The deep troll earth mage completely misses you.
You block the deep troll earth mage's attack.
The deep troll earth mage completely misses you.
Firing (i - inventory. (/) - cycle)
v - 39 sling bullets (quivered)
Press: ? - help, Shift-Dir - straight line, f/p - ogre mage
Aim: an ogre mage, wielding a club and wearing a robe (lightly wounded)
You shoot a sling bullet. The deep troll shouts!
The sling bullet hits the ogre mage.
The ogre mage is lightly wounded.
A two-headed ogre comes into view.
It is wielding a giant spiked club and a giant club.
Unknown command.
Firing (i - inventory. (/) - cycle)
v - 38 sling bullets (quivered)
Press: ? - help, Shift-Dir - straight line, f/p - ogre mage
Aim: an ogre mage, wielding a club and wearing a robe (lightly wounded)
You shoot a sling bullet.
The sling bullet hits the ogre mage but does no damage.
The ogre mage is lightly wounded.
You block the ogre mage's attack.
The deep troll earth mage closely misses you.
The deep troll earth mage claws you.
* * * LOW HITPOINT WARNING * * *
The deep troll earth mage claws you but does no damage.
A fire dragon comes into view.
Unknown command.
Really read
o - 4 scrolls of magic mapping {!r}?
As you read the scroll of magic mapping {!r}, it crumbles to dust.
You feel aware of your surroundings.
You sensed 2 shops/portals.
An ogre comes into view. It is wielding a giant club.
The ogre mage completely misses you. The deep troll earth mage bites you!
* * * LOW HITPOINT WARNING * * *
You block the deep troll earth mage's attack. x2
Really read
p - 10 scrolls of teleportation {!r}?
As you read the scroll of teleportation {!r}, it crumbles to dust.
You feel strangely unstable.
You block the deep troll earth mage's attack. x2
The deep troll earth mage misses you.
A deep troll comes into view.
The ogre mage hits you but does no damage.
The two-headed ogre misses you. The two-headed ogre barely misses you.
Things that are here:
a giant club; an ogre corpse
Okay, then.
The ogre mage gestures at you while chanting.
The bolt of fire hits you! The fire burns you terribly!
You die...

,,,,,,,,,* *#........**#.......#*
,,,,,,[,,* *.......,,*,.......,*
,,,,,,..,* **#....#,,*,,#...#,,*
,,,,,,...** #....#######...####
,,,****...###**#...#..#..#...#.$#
,,,* ***....###......#.........#
**** ***#..##..OO.###.....((##
#####.)..).[(O(OOT..(.[.(
#########.)))...@.T..T.D..((.....
#.......#.###############.....###
#.#####.#.# **.###### #.#...#.#.#
**,** #.#.#..<#.# **,**
#.#.###.#.# *,** #.#.....#.# ***
#.#######.# #.# #.#


You could see a fire dragon, 3 two-headed ogres, an ogre mage, a deep troll and
a deep troll earth mage.

Vanquished Creatures
  Azrael (D:14)
  A fire dragon (D:15)
  Josephine (D:15)
  A great orb of eyes (Depths:2)
  3 hydras
  10 two-headed ogres
  A centaur warrior (D:13)
  The ghost of epen the Spear-Bearer, a novice MfMo of Okawaru (D:10)
  An ogre mage (Depths:2)
  2 tengu warriors
  A vampire mage (D:15)
  A fire crab (shapeshifter) (D:14)
  A skeletal warrior (D:15)
  A deep troll (Depths:2)
  3 unseen horrors
  2 wizards (D:14)
  A necromancer (D:15)
  An orc knight (D:14)
  2 wolf spider zombies (D:14)
  7 ugly things
  2 manticores
  2 deep elf magi (D:14)
  4 cyclopes
  The ghost of Gildeon the Magician, a novice DECj of Sif Muna (D:6)
  A gargoyle (D:14)
  2 kobold demonologists
  A komodo dragon (D:11)
  A guardian mummy (D:15)
  A tengu conjurer (D:14)
  5 trolls
  A fire dragon zombie (D:15)
  A hippogriff (shapeshifter) (D:13)
  A meliai zombie (D:13)
  An ice dragon zombie (D:15)
  8 hippogriffs
  Sigmund (D:2)
  29 yaks
  A centaur simulacrum (D:14)
  A vampire (D:13)
  A yak (shapeshifter) (D:14)
  3 wraiths (D:15)
  A human (shapeshifter) (Depths:1)
  2 wyverns
  4 fire elementals (D:15)
  2 hungry ghosts
  7 vampire mosquitoes
  A soldier ant (D:11)
  An acid dragon (D:14)
  2 hell hounds
  3 ice beasts
  5 sky beasts
  6 phantoms
  9 orc warriors
  An eye of draining (D:14)
  15 ogres
  11 centaurs
  3 crocodiles
  2 big kobolds
  11 bullfrogs
  A gnoll sergeant (D:9)
  2 wyvern zombies
  A water moccasin zombie (D:9)
  4 scorpions
  17 wights
  12 killer bees
  6 howler monkeys
  A bullfrog zombie (D:11)
  5 centaur zombies
  8 crimson imps
  4 quasits
  4 hounds
  7 orc priests
  A bullfrog skeleton (D:6)
  A jelly (D:12)
  8 orc wizards
  4 centaur skeletons
  Terence (D:3)
  6 iguanas
  13 worker ants
  A hound zombie (D:10)
  2 hound skeletons
  A howler monkey zombie (D:6)
  A worker ant zombie (D:8)
  4 gnolls
  10 adders
  4 shadow imps
  3 worms
  2 dart slugs
  6 leopard geckos
  69 orcs
  A ball python (D:4)
  7 bats
  4 giant cockroaches
  5 goblins
  5 hobgoblins
  9 jackals
  16 kobolds
  2 quokkas
  3 frilled lizards
  A leopard gecko skeleton (D:6)
  5 rats
463 creatures vanquished.

Vanquished Creatures (collateral kills)
  A fire dragon (Depths:2)
  Fannar (D:11)
  Sonja (D:11)
  A cyclops (D:12)
  A hornet (D:11)
  2 yaks (D:12)
  An orc warrior (D:12)
  A centaur (D:12)
  A big kobold (D:12)
  A bullfrog (D:11)
  A quasit (D:11)
  2 orcs (D:11)
  A kobold (D:11)
15 creatures vanquished.

Vanquished Creatures (others)
  A sphinx skeleton (D:15)
  A centaur zombie (D:15)
  A spriggan zombie (D:15)
  6 withered plants (D:15)
9 creatures vanquished.

Grand Total: 487 creatures vanquished

Notes
Turn   | Place    | Note
-------+----------+-------------------------------------------
     0 | D:1      | Amnesiac the Spriggan Berserker began the quest for the Orb.
     0 | D:1      | Reached XP level 1. HP: 11/11 MP: 2/2
   378 | D:1      | Reached skill level 5 in Dodging
   421 | D:1      | Reached XP level 2. HP: 16/16 MP: 3/3
   575 | D:1      | You fall through a shaft!
   583 | D:2      | Reached skill level 1 in Slings
   811 | D:2      | Reached ** piety under Trog
   892 | D:2      | Reached XP level 3. HP: 14/19 MP: 2/4
  1622 | D:3      | Reached XP level 4. HP: 9/23 MP: 2/5
  1622 | D:3      | Noticed Sigmund
  1886 | D:2      | Killed Sigmund
  1886 | D:2      | Reached XP level 5. HP: 18/27 MP: 2/6
  2115 | D:3      | Reached XP level 6. HP: 29/32 MP: 5/7
  2328 | D:3      | Noticed Terence
  2343 | D:3      | Killed Terence
  2603 | D:4      | Reached *** piety under Trog
  2894 | D:4      | Reached XP level 7. HP: 26/35 MP: 6/8
  3290 | D:4      | Reached skill level 6 in Dodging
  3753 | D:5      | Entered Level 5 of the Dungeon
  3802 | D:5      | HP: 1/35 [worker ant (2)]
  4750 | D:6      | Found a runed door.
  4775 | D:6      | Reached skill level 7 in Dodging
  4838 | D:6      | Reached XP level 8. HP: 22/39 MP: 5/9
  4847 | D:6      | Reached skill level 10 in Slings
  5004 | D:6      | Reached skill level 8 in Dodging
  5400 | D:6      | Found a staircase to the Ecumenical Temple.
  5465 | D:6      | Noticed Gildeon's ghost (novice DECj)
  5475 | D:6      | Killed Gildeon's ghost
  5748 | D:7      | Reached skill level 9 in Dodging
  5982 | D:7      | Reached XP level 9. HP: 31/43 MP: 8/10
  6168 | D:7      | Received a gift from Trog
  6651 | D:5      | Found a deep blue altar of Sif Muna.
  6651 | D:5      | Found a burning altar of Makhleb.
  6651 | D:5      | Found a snail-covered altar of Cheibriados.
  6651 | D:5      | Found a sacrificial altar of Ru.
  7010 | D:8      | Reached skill level 10 in Dodging
  7099 | D:8      | Reached skill level 11 in Dodging
  7290 | D:8      | Reached skill level 12 in Dodging
  7423 | D:8      | Reached **** piety under Trog
  8071 | D:9      | Reached skill level 5 in Fighting
  8105 | D:9      | Noticed a two-headed ogre
  8117 | D:9      | Killed a two-headed ogre
  8117 | D:9      | Reached XP level 10. HP: 53/53 MP: 11/11
  8214 | D:9      | Found a runed door.
  8458 | D:9      | Noticed a two-headed ogre
  8490 | D:9      | Killed a two-headed ogre
  8507 | D:9      | Found a runed door.
  9189 | D:9      | Reached ***** piety under Trog
  9220 | D:9      | Received a gift from Trog
  9515 | D:9      | Noticed a tengu warrior
  9633 | D:9      | Killed a tengu warrior
  9633 | D:9      | Reached XP level 11. HP: 61/62 MP: 9/12
  9908 | D:9      | Identified a scroll of acquirement {!r}
  9967 | D:9      | Got a transparent ivory ring
 10014 | D:9      | Identified the ring of Thoughtfulness {rN+ MR++ AC+2 Str-2 SInv} (You took it off a crimson imp on level 9 of the Dungeon)
 10016 | D:10     | Entered Level 10 of the Dungeon
 10048 | D:10     | Noticed a two-headed ogre
 10078 | D:10     | Killed a two-headed ogre
 10078 | D:10     | Received a gift from Trog
 10078 | D:10     | Reached skill level 10 in Fighting
 10526 | D:10     | Found a staircase to the Lair.
 11043 | D:10     | Found a runed gate.
 11044 | D:10     | Found a runed gate.
 11044 | D:10     | Noticed epen's ghost (novice MfMo)
 11045 | D:10     | Found a runed gate.
 11045 | D:10     | Noticed a 12-headed hydra
 11048 | D:10     | Noticed a ten-headed hydra
 11138 | D:10     | Killed a 12-headed hydra
 11138 | D:10     | Received a gift from Trog
 11182 | D:10     | Killed a ten-headed hydra
 11459 | D:10     | Killed epen's ghost
 11958 | D:11     | Noticed Fannar
 11976 | D:11     | Killed Fannar
 11980 | D:11     | Noticed a white ugly thing
 11998 | D:11     | Killed a white ugly thing
 12424 | D:11     | Received a gift from Trog
 12553 | D:11     | Noticed Sonja
 12585 | D:11     | Killed Sonja
 12585 | D:11     | Reached skill level 1 in Evocations
 12856 | D:11     | Noticed an unseen horror
 12874 | D:11     | Killed an unseen horror
 12988 | D:11     | Noticed a red ugly thing
 13017 | D:11     | Killed a red ugly thing
 13017 | D:11     | Reached skill level 1 in Shields
 13017 | D:11     | Reached XP level 12. HP: 40/71 MP: 8/14
 13131 | D:11     | Received a gift from Trog
 13817 | D:12     | Noticed an eight-headed hydra
 13874 | D:11     | Killed an eight-headed hydra
 14259 | D:12     | Found a staircase to the Orcish Mines.
 14805 | D:13     | Found a portal to a secret trove of treasure.
 14892 | D:13     | Noticed a centaur warrior
 14904 | D:13     | Killed a centaur warrior
 14959 | D:13     | Received a gift from Trog
 15023 | D:13     | Reached skill level 13 in Dodging
 15140 | D:13     | Reached skill level 5 in Evocations
 16035 | D:14     | Noticed a two-headed ogre
 16060 | D:14     | Killed a two-headed ogre
 16185 | D:14     | Reached XP level 13. HP: 77/77 MP: 18/18
 16325 | D:14     | Reached skill level 1 in Armour
 16453 | D:14     | Got a slimy buckler
 16464 | D:14     | Identified the +3 buckler "Kyucyafawn" {rN++} (You acquired it on level 14 of the Dungeon)
 16946 | D:14     | Received a gift from Trog
 17256 | D:14     | Found a gate to the Vaults.
 17589 | D:14     | Received a gift from Trog
 17679 | D:14     | Found a roughly hewn altar of Beogh.
 17888 | D:15     | Entered Level 15 of the Dungeon
 18010 | D:15     | Received a gift from Trog
 18258 | D:15     | Reached skill level 14 in Dodging
 18275 | D:15     | Noticed Josephine
 18306 | D:15     | Killed Josephine
 18556 | D:15     | Noticed Azrael
 18592 | D:14     | Killed Azrael
 18878 | D:15     | Received a gift from Trog
 18933 | D:15     | Found a staircase to the Depths.
 18941 | D:15     | Reached XP level 14. HP: 76/83 MP: 20/20
 19406 | Depths:1 | Entered Level 1 of the Depths
 19413 | Depths:1 | Found a gateway to Hell.
 20202 | Depths:1 | Noticed a frost giant
 20524 | Depths:2 | Killed from afar by an ogre mage

Vault maps used:
D:1:      minmay_arrival_jagged
D:2:      first_ration, minmay_misc_feat_room, amethyst_killhole,
          serial_park_tiny_1, due_unseen_surprise
D:3:      uniq_terence, uniq_sigmund
D:5:      nicolae_overflow_hidden_temple, hex_large
D:6:      minmay_temple_entry_glassed_door, gammafunk_ghost_grave
D:8:      wad_crossroads
D:9:      cheibrodos_histonic
D:10:     david_lair_generic, gammafunk_ghost_hydra_chop
D:11:     hangedman_pestilent_swarm, uniq_sonja, uniq_fannar
D:12:     orc_0_dummy, stair_cage_line
D:13:     nicolae_trove_entry_free_sample
D:14:     david_vaults_1, special_room, hangedman_decor_lopped
D:15:     gammafunk_depths_entry_grave, minmay_misc_feat_doors, uniq_azrael,
          uniq_josephine
Depths:1: pf_vacation_house_of_asmodeus, hex_medium, wad_mini_maze,
          minmay_shop_grove, uniq_asterion
Depths:2: hangedman_cross_cluster, minmay_misc_feat_chi,
          infiniplex_enter_wizlab_water, hell_entry

Skill      XL: |  1  2  3  4  5  6  7  8  9 10 11 12 13 14 |
---------------+-------------------------------------------+-----
Dodging        | 5 7 9 12 13 14 | 14.4
Slings         | 2 4 6 8 9 11 12 13 | 13.8
Fighting       | 6 9 12 13 | 13.8
Evocations     | 1 5 7 8 |  8.3
Shields        | 1 3 4 |  4.6
Armour         | 4 |  4.7
Short Blades   | |  3.2

Action                   |  1- 3 |  4- 6 |  7- 9 | 10-12 | 13-15 || total
-------------------------+-------+-------+-------+-------+-------++-------
Melee: Short sword       |    48 |    15 |       |       |       ||    63
       Unarmed           |       |       |    14 |       |       ||    14
 Fire: Hunting sling     |   103 |   143 |   659 |  1700 |  1170 ||  3775
Invok: Berserk           |       |     2 |       |       |       ||     2
       Brothers in Arms  |       |       |       |     4 |     2 ||     6
Evoke: Wand              |       |       |     4 |    20 |    10 ||    34
  Use: Potion            |       |       |     7 |       |     6 ||    13
       Scroll            |       |       |    19 |     4 |     6 ||    29
 Stab: Sleeping          |     1 |       |       |       |       ||     1
  Eat: Ration            |       |     2 |     1 |     4 |     2 ||     9
Armor: Animal skin       |     9 |     3 |       |       |       ||    12
       Skin              |       |       |    25 |       |     8 ||    33
       Robe              |       |       |     6 |    38 |       ||    44
       Troll leather arm |       |       |       |    28 |    11 ||    39
       Acid dragon scale |       |       |       |       |    37 ||    37
Dodge: Dodged            |    79 |    50 |   167 |   610 |   349 ||  1255
Block: Buckler           |       |       |       |   146 |   151 ||   297

Table legend:
 A = Spawn XP
 B = Non-spawn XP
 C = Spawn XP percentage of total XP
 D = Spawn monster count
 E = Non-spawn monster count
 F = Spawn count percentage of total count
 G = Total turns spent on level
                    A         B        C        D         E        F      G
               +---------+---------+-------+---------+---------+-------+---------
         Total |       0 |   73842 |   0.0 |       0 |     478 |   0.0 | 20524
               +---------+---------+-------+---------+---------+-------+---------
           D:1 |       0 |      15 |   0.0 |       0 |       6 |   0.0 |   599
           D:2 |       0 |     265 |   0.0 |       0 |      20 |   0.0 |   970
           D:3 |       0 |     145 |   0.0 |       0 |      30 |   0.0 |  1124
           D:4 |       0 |     394 |   0.0 |       0 |      13 |   0.0 |  1286
           D:5 |       0 |     357 |   0.0 |       0 |      11 |   0.0 |  1003
           D:6 |       0 |    1096 |   0.0 |       0 |      24 |   0.0 |  1017
           D:7 |       0 |     904 |   0.0 |       0 |      20 |   0.0 |  1005
           D:8 |       0 |    1871 |   0.0 |       0 |      32 |   0.0 |  1058
           D:9 |       0 |    6823 |   0.0 |       0 |      46 |   0.0 |  1954
          D:10 |       0 |    6176 |   0.0 |       0 |      23 |   0.0 |  1942
          D:11 |       0 |    7394 |   0.0 |       0 |      44 |   0.0 |  2089
          D:12 |       0 |    3003 |   0.0 |       0 |      29 |   0.0 |   573
          D:13 |       0 |    7568 |   0.0 |       0 |      44 |   0.0 |  1411
          D:14 |       0 |   17408 |   0.0 |       0 |      78 |   0.0 |  2143
          D:15 |       0 |   14439 |   0.0 |       0 |      48 |   0.0 |  1671
      Depths:1 |       0 |     803 |   0.0 |       0 |       2 |   0.0 |   462
      Depths:2 |       0 |    5181 |   0.0 |       0 |       8 |   0.0 |   217
               +---------+---------+-------+---------+---------+-------+---------
